 Dungeon Crawl Stone Soup version 0.31-a0-175-g9f7f995f2b (webtiles) character file.

Game seed: 14927637259872148512

35 qw the Shooter (level 3, -2/22 HPs)
             Began as a Gargoyle Hunter on June 16, 2023.
             Slain by Menkaure (13 damage)
             ... on level 4 of the Dungeon.
             The game lasted 00:00:18 (1055 turns).

qw the Shooter (Gargoyle Hunter)                    Turns: 1055, Time: 00:00:19

Health: -2/22      AC:  6    Str: 14    XL:     3   Next: 35%
Magic:  3/3        EV: 11    Int:  9    God:
Gold:   39         SH:  0    Dex: 15    Spells: 2/2 levels left

rFire   + . .        Y - +0 shortbow
rCold   . . .        (shield currently unavailable)
rNeg    + . .        c - +0 leather armour
rPois   inf          (no helmet)
rElec   +            (no cloak)
rCorr   .            (no gloves)
SInv    .            (no boots)
Will    .....        (no amulet)
Stlth   ++           d - ring of protection from fire
HPRegen 0.23/turn    (no ring)
MPRegen 0.08/turn

%: no passive effects
@: no status effects
A: sickness immunity, AC +3, negative energy resistance 1, electricity
resistance, torment resistance 1, petrification resistance
a: no special abilities


You were on level 4 of the Dungeon.
You visited 1 branch of the dungeon, and saw 3 of its levels.

You collected 39 gold pieces.


Innate Abilities, Weirdness & Mutations

You are immune to sickness and miasma.
Your stone body is resilient. (AC +3)
You are immune to poison.
You resist negative energy. (rN+)
You are resistant to electric shocks. (rElec)
You are resistant to unholy torment.
You are immune to petrification.


   Skills:
 + Level 2.5 Fighting
 - Level 5.0 Ranged Weapons
 - Level 1.5 Dodging
 - Level 1.1 Stealth


You had 2 spell levels left.
You didn't know any spells.
Your spell library was empty.

Inventory:

Hand Weapons
 Y - a +0 shortbow (weapon)
Armour
 c - a +0 leather armour (worn)
Jewellery
 b - an amulet of regeneration
 d - a ring of protection from fire (left hand)
Scrolls
 a - a scroll of teleportation {unknown}
 f - a scroll of silence {unknown}
Potions
 e - a potion of attraction {unknown}
 g - a potion of cancellation {unknown}

Dungeon Overview and Level Annotations

Branches:
Dungeon (2/15)

Altars:

Annotations:
D:4 Menkaure


Message History

Enter note:
Enter note: You see here a rat corpse.
You see here 3 stones.
A quokka comes into view.
A sourceless malevolence fills the Dungeon...
You fall into a shaft and drop 2 floors!
The shaft crumbles and collapses.
Found a scroll of poison.
Waypoint 2 assigned to D:4.
A goblin and an endoplasm come into view.
The goblin shouts!
The endoplasm quivers.
You hear an angry hiss.
You shoot an arrow. The arrow hits the endoplasm!
You kill the endoplasm!
You shoot an arrow. The arrow barely misses the goblin.
Menkaure, Prince of Dust comes into view.
You shoot an arrow. The arrow barely misses the goblin.
The goblin hits you with a +0 dagger.
You shoot an arrow. The arrow hits the goblin!
You kill the goblin!
Menkaure calls on the powers of darkness!
Your body is wracked with pain!
You shoot an arrow. The arrow closely misses Menkaure.
You hear an angry hiss.
An adder comes into view.
You shoot an arrow. The arrow barely misses Menkaure.
The arrow hits the adder!
You kill the adder!
You shoot an arrow. The arrow barely misses Menkaure.
Menkaure casts a spell at you.
You barely resist. You shoot an arrow. The arrow hits Menkaure.
Menkaure is lightly damaged.
Menkaure hits you!
You shoot an arrow. The arrow hits Menkaure.
Menkaure is moderately damaged.
Menkaure hits you!
Ouch! That really hurt!
You die...

#..##..#...#.
#.?###....###
#..###....###
###..####...###
#....######### #
#...## .# #..##
..#
#.##########...#
#.........@M...#
############...#
.%... .... ...
.. .


You could see Menkaure.

Vanquished Creatures
  An adder (D:4)
  2 ball pythons (D:1)
  2 endoplasms
  3 hobgoblins
  3 quokkas
  5 bats
  4 goblins
  6 kobolds
  3 rats (D:2)
29 creatures vanquished.

Notes
Turn   | Place    | Note
-------+----------+-------------------------------------------
     0 | D:1      | qw the Gargoyle Hunter began the quest for the Orb.
     0 | D:1      | Reached XP level 1. HP: 12/12 MP: 1/1
     0 | D:1      | 0 ||| qw: Version: 0.2-a-29-g511e9b1
     0 | D:1      | 0 ||| qw: Game counter: 9
     0 | D:1      | 0 ||| qw: Always use a shield: true
     0 | D:1      | 0 ||| qw: God list: Okawaru
     0 | D:1      | 0 ||| qw: Allow faded altars: false
     0 | D:1      | 0 ||| qw: Do Orc after D:15 true
     0 | D:1      | 0 ||| qw: Do second Lair branch before Depths: true
     0 | D:1      | 0 ||| qw: Lair rune preference: random
     0 | D:1      | 0 ||| qw: Plans: Normal, Zot:1-4, Slime:5, God:TSO, Crypt,
                  | Tomb, Abyss, Pan, Hells, Win
     0 | D:1      | 0 ||| PLANNING D:1-11
   287 | D:1      | Reached XP level 2. HP: 17/17 MP: 2/2
   696 | D:1      | 696 ||| UPGRADING to ring of protection from fire.
   697 | D:1      | 697 ||| READING scroll labelled CAHOTR DOTENO.
   698 | D:1      | 698 ||| DROPPING scroll of butterflies.
   896 | D:2      | Reached XP level 3. HP: 18/21 MP: 3/3
   998 | D:2      | Reached skill level 5 in Ranged Weapons
  1024 | D:2      | You fall into a shaft and drop 2 floors!
  1048 | D:4      | Noticed Menkaure
  1055 | D:4      | Slain by Menkaure

Levels and vault maps discovered:
D:1:      moated_graveyard_arrival, layout_basic
D:2:      cheibrodos_fertilizer, layout_loops_ring
D:4:      layout_basic, ebering_ghost_inner_flame, kennysheep_another_room,
          minmay_shop_enchanted_jewellery, hangedman_glass_teeth, uniq_duvessa,
          uniq_menkaure, uniq_robin

Skill      XL: |  1  2  3 |
---------------+----------+-----
Ranged Weapons | 5 |  5.0
Fighting       | |  2.5
Dodging        | |  1.5
Stealth        | |  1.1

Action                     || total
---------------------------++-------
   Fire: Shortbow          ||    80
    Use: Scroll            ||     1
 Armour: Leather armour    ||     9
  Dodge: Dodged            ||    16

Table legend:
 A = Non-vault XP
 B = Vault XP
 C = Vault XP percentage of total XP
 D = Non-vault monster count
 E = Vault monster count
 F = Vault count percentage of total count
                 A         B        C        D         E       F
            +---------+---------+-------+---------+---------+-------
      Total |      51 |       0 |   0.0 |      29 |       0 |   0.0
            +---------+---------+-------+---------+---------+-------
        D:1 |      24 |       0 |   0.0 |      16 |       0 |   0.0
        D:2 |      15 |       0 |   0.0 |      10 |       0 |   0.0
        D:4 |      12 |       0 |   0.0 |       3 |       0 |   0.0
            +---------+---------+-------+---------+---------+-------
